Map: World of Sleepers LE

Players

MCanning

  • Race: Protoss Protoss
  • Spawn Location: 7:00

HolyHit - Winner!

  • Race: Protoss Protoss
  • Spawn Location: 1:00

VOD

Have the link to the VOD?

Description

Time

  • Played on: Sept. 6, 2019, 2:10 p.m.
  • Length: 11:11
Show
View Real Time Build Order
Export as new Build Order

MCanning Protoss 

Build Orders: Oracle Opening 

Get SALT Encoding   

  12  0:00  Probe  
  13  0:13  Probe  
  14  0:17  Pylon  
  14  0:25  Probe  
  15  0:33  Probe  
  15  0:37  Gateway  
  15  0:41  Probe  
  16  0:47  Assimilator  
  17  0:51  Probe  
  17  0:55  Assimilator  
  18  1:00  Probe  
  19  1:09  Probe  
  19  1:11  Gateway  
  19  1:17  Probe  
  21  1:25  Cybernetics Core  
  21  1:29  Probe  
  22  1:36  Pylon  
  22  1:41  Probe  
  23  1:54  Probe  
  24  2:02  Stalker x2  
  24  2:04  Warp Gate  
  28  2:15  Pylon  
  28  2:21  Pylon  
  28  2:32  Adept  
  28  2:33  Adept  
  32  2:38  Stargate  
  32  3:03  Nexus  
  32  3:12  Oracle, Probe  
  33  3:23  Pylon  
  36  3:30  Probe  
  35  3:44  Shield Battery x2  
  33  3:53  Stalker x2  
  33  3:55  Oracle  
  40  4:04  Probe  
  42  4:18  Stalker  
  42  4:23  Stalker  
  46  4:29  Robotics Facility  
  37  4:47  Stalker  
  34  4:54  Probe  
  34  4:56  Probe  
  33  5:02  Probe  
  34  5:08  Probe  
  34  5:10  Probe  
  34  5:13  Stalker  
  37  5:21  Probe  
  39  5:23  Probe  
  39  5:25  Stalker  
  42  5:34  Assimilator  
  42  5:35  Probe  
  44  5:37  Assimilator  
  44  5:39  Shield Battery  
  44  5:42  Probe  
  42  5:46  Probe  
  43  5:54  Probe x2, Sentry  
  46  6:00  Observer  
  46  6:02  Probe  
  47  6:07  Probe  
  49  6:13  Forge, Probe  
  45  6:19  Probe  
  45  6:24  Probe  
  46  6:31  Probe  
  46  6:32  Probe  
  49  6:42  Probe x2  
  49  6:45  Observer  
  52  6:50  Probe x2  
  52  6:58  Probe  
  52  7:00  Probe  
  54  7:05  Twilight Council  
  56  7:08  Probe  
  56  7:09  Phoenix  
  56  7:15  Probe  
  60  7:18  Sentry  
  60  7:21  Charge  
  60  7:22  Pylon  
  62  7:28  Pylon  
  62  7:39  Pylon  
  62  7:40  Probe x2  
  64  7:46  Templar Archives  
  64  7:51  Gateway  
  64  7:52  Probe  
  64  7:55  Gateway  
  65  8:05  Immortal  
  69  8:14  Gateway  
  69  8:16  Gateway  
  69  8:19  Probe  
  70  8:25  Zealot x2  
  74  8:35  Immortal, Forge  
  74  8:36  Probe  
  74  8:38  Probe  
  76  8:45  Protoss Ground Weapons Level 1  
  81  8:48  Probe  
  81  8:50  High Templar x2  
  81  8:52  Pylon  
  81  8:54  Pylon  
  85  9:00  Robotics Bay  
  85  9:01  Archon  
  85  9:04  Shield Battery  
  85  9:14  High Templar x2  
  89  9:19  Archon  
  89  9:23  Nexus  
  89  9:28  High Templar x2  
  93  9:33  Archon  
  93  9:36  Zealot x2  
  95  9:41  Gateway  
  95  9:49  Pylon  
  95  9:50  Probe  
  96  9:53  Zealot x2  
  100  10:06  High Templar  
  101  10:11  Pylon  
  101  10:14  Pylon  
  101  10:15  Pylon, Probe  
  101  10:16  Pylon  
  101  10:19  High Templar  
  102  10:23  Archon  
  102  10:30  Gateway  
  102  10:32  Zealot x3  
  102  10:33  Zealot  
  102  10:35  Gateway  
  110  10:39  Zealot x2  
  78  10:52  Zealot  
  78  10:56  Zealot x2  
  78  11:01  Zealot x2  
Show
View Real Time Build Order
Export as new Build Order

HolyHit Protoss - Winner!

Build Orders: Oracle Opening, Archon Immortal 

Get SALT Encoding   

  12  0:00  Probe  
  13  0:12  Probe  
  14  0:18  Pylon  
  14  0:24  Probe  
  15  0:32  Probe  
  15  0:37  Gateway  
  15  0:40  Probe  
  16  0:46  Assimilator  
  17  0:51  Probe  
  17  0:54  Assimilator  
  18  0:59  Probe  
  19  1:07  Probe  
  19  1:10  Gateway  
  19  1:17  Probe  
  20  1:24  Cybernetics Core  
  21  1:29  Probe  
  22  1:35  Pylon  
  22  1:41  Probe  
  23  1:53  Probe  
  24  2:02  Warp Gate, Stalker x2  
  28  2:12  Pylon  
  28  2:17  Pylon  
  28  2:32  Stalker x2  
  32  2:49  Stargate  
  32  2:57  Nexus  
  32  3:07  Stalker  
  34  3:13  Stalker  
  36  3:20  Pylon  
  36  3:27  Shield Battery  
  36  3:32  Oracle  
  36  3:35  Shield Battery  
  38  3:53  Stalker  
  40  3:56  Stalker  
  42  4:09  Probe  
  43  4:20  Probe  
  44  4:25  Forge  
  44  4:30  Stalker  
  44  4:31  Robotics Facility  
  46  4:44  Probe  
  46  4:45  Oracle  
  43  4:51  Probe  
  42  4:53  Protoss Ground Weapons Level 1  
  42  4:56  Probe  
  46  5:03  Probe  
  47  5:08  Probe  
  47  5:13  Adept  
  47  5:14  Adept  
  52  5:16  Probe  
  53  5:23  Shield Battery, Probe  
  54  5:31  Probe  
  55  5:42  Immortal  
  55  5:48  Probe  
  56  5:51  Adept x2  
  62  5:59  Pylon  
  62  6:00  Probe, Assimilator  
  62  6:03  Assimilator  
  61  6:12  Twilight Council  
  58  6:18  Immortal  
  54  6:28  Probe  
  54  6:29  Probe  
  60  6:36  Pylon  
  60  6:40  Probe  
  60  6:41  Probe, Phoenix  
  64  6:52  Probe  
  64  6:53  Gateway  
  64  6:54  Probe  
  66  6:56  Gateway  
  66  7:04  Warp Prism  
  66  7:08  Protoss Ground Weapons Level 2  
  68  7:09  Charge  
  68  7:26  Templar Archives  
  68  7:32  Probe  
  68  7:36  Probe  
  74  7:44  Immortal  
  74  7:54  Gateway, Probe  
  74  7:56  Gateway  
  75  8:06  Gateway  
  75  8:07  High Templar  
  75  8:09  Gateway  
  75  8:12  Pylon  
  77  8:16  Pylon  
  77  8:32  Probe  
  74  8:35  Warp Prism  
  74  8:38  Zealot x3  
  82  8:42  Pylon  
  82  8:45  Pylon  
  80  8:49  High Templar  
  80  8:51  Zealot  
  84  8:56  Gateway  
  84  9:01  Archon  
  84  9:04  High Templar x4  
  92  9:11  Archon x2  
  92  9:18  Nexus  
  92  9:26  Immortal  
  96  9:45  High Templar x2  
  100  9:46  Pylon  
  100  9:48  Pylon  
  100  9:49  Zealot  
  100  9:50  Archon  
  99  10:05  Observer  
  99  10:06  Zealot x5  
  108  10:27  Zealot x5  
  118  10:40  Zealot  
  118  10:41  Zealot  
  112  10:47  Zealot  
  100  10:52  Zealot  
  98  10:57  Zealot  
  92  11:08  Zealot x2  
Tags
 
Add a new tag
Caveats
  • Supply blocks, unpowered buildings, or Contaminate may cause inaccurate times.
  • Supply counts are checked every 10 seconds.